 Dungeon Crawl Stone Soup version 0.31-a0-18-gea43df2a32 (webtiles) character file.

Game seed: 3103056423550042834

37 Gargoyl the Trooper (level 3, -4/24 HPs)
             Began as a Gargoyle Berserker on May 11, 2023.
             Was a Follower of Trog.
             Slain by Natasha (6 damage)
             ... on level 2 of the Dungeon.
             The game lasted 00:02:06 (623 turns).

Gargoyl the Trooper (Gargoyle Berserker)             Turns: 623, Time: 00:02:07

Health: -4/24      AC:  6    Str: 20    XL:     3   Next: 39%
Magic:  3/3        EV: 12    Int:  7    God:    Trog [*.....]
Gold:   27         SH:  0    Dex: 11    Spells: 2/2 levels left

rFire   . . .        a - +0 hand axe
rCold   . . .        (no shield)
rNeg    + . .        b - +1 animal skin
rPois   ∞            (no helmet)
rElec   +            (no cloak)
rCorr   .            (no gloves)
SInv    .            (no boots)
Will    .....        (no amulet)
Stlth   +            (no ring)
HPRegen 0.24/turn    (no ring)
MPRegen 0.08/turn

%: no passive effects
@: on berserk cooldown, slowed, very slow
A: sickness immunity, AC +3, negative energy resistance 1, electricity
resistance, torment resistance 1, petrification resistance
a: Renounce Religion, Berserk


You were on level 2 of the Dungeon.
You worshipped Trog.
Trog was aware of your devotion.
You visited 1 branch of the dungeon, and saw 2 of its levels.

You collected 27 gold pieces.

Inventory:

Hand Weapons
 a - a +0 hand axe (weapon)
Armour
 b - a +1 animal skin (worn)
Scrolls
 i - a scroll of identify
 j - a scroll of teleportation
Potions
 c - a potion of curing
 d - a potion of heal wounds
 g - a potion of haste {unknown}
 h - a potion of magic {unknown}


   Skills:
 + Level 3.8 Fighting
 + Level 3.3 Axes
 + Level 2.3 Armour
 + Level 1.9 Dodging


You had 2 spell levels left.
You didn't know any spells.
Your spell library was empty.

Dungeon Overview and Level Annotations

Branches:
Dungeon (2/15)

Altars:

Annotations:
D:2 Natasha


Innate Abilities, Weirdness & Mutations

You are immune to sickness and miasma.
Your stone body is resilient. (AC +3)
You are immune to poison.
You resist negative energy. (rN+)
You are resistant to electric shocks. (rElec)
You are resistant to unholy torment.
You are immune to petrification.


Message History

You feel agile. x2
You see here the felid corpse of Natasha.
You feel a strong urge to attack something.
You feel your anger nearly subside.
You are no longer berserk.
You are exhausted.
You feel yourself slow down.
Natasha, Servant of Life and Death comes into view.
She is carrying a wand of flame (29).
Natasha hisses angrily.
Natasha mumbles some strange words.
Natasha shimmers violently.
Natasha casts a spell at you.
You feel as though you will be slow longer.
Natasha extends her claws.
Okay, then.
It was a potion of curing.
You feel better.
Natasha casts a spell.
You barely miss Natasha.
Natasha stares at you and mumbles some strange words.
You resist with significant effort. Natasha claws you.
The cerulean imp closely misses you.
You miss Natasha. Natasha misses you.
The cerulean imp hits you from afar with a +1 spear.
You barely miss Natasha.
Natasha stares at you and mumbles some strange words.
The magic dart hits you.
The cerulean imp hits you from afar with a +1 spear. x2
Natasha closely misses you.
It was a potion of heal wounds.
You feel much better. Natasha barely misses you.
The cerulean imp hits you from afar with a +1 spear.
Okay, then.
You hit Natasha but do no damage. Natasha claws you!
The cerulean imp closely misses you.
Natasha zaps a wand.
The puff of flame hits you!
* * * LOW HITPOINT WARNING * * *
The cerulean imp closely misses you.
You hit Natasha.
Natasha is heavily wounded.
Natasha claws you.
You die...

...........
#.....#
#.........#
#.....#
..........#
#.....#
#........#
#.#.###
##........###.#.#
..............#.#
......5.#######.#
#######h# #.# #@#
#†# #.# #.# #.#
#.# #.# #.#
#.#######.#
#.#.......####
#.#..........####
#.#.............#
..#..........##.#


You could see Natasha and a cerulean imp (summoned).

Vanquished Creatures
  Natasha (D:2)
  2 dart slugs (D:1)
  A giant cockroach (D:1)
  A hobgoblin (D:1)
  A ball python (D:1)
  A bat (D:1)
  A frilled lizard (D:2)
  2 kobolds (D:1)
10 creatures vanquished.

Notes
Turn   | Place    | Note
-------+----------+-------------------------------------------
     0 | D:1      | Gargoyl the Gargoyle Berserker began the quest for the Orb.
     0 | D:1      | Reached XP level 1. HP: 14/14 MP: 1/1
   304 | D:1      | Reached XP level 2. HP: 11/19 MP: 2/2
   585 | D:2      | Noticed Natasha
   593 | D:2      | Killed Natasha
   594 | D:2      | Reached XP level 3. HP: 20/24 MP: 3/3
   613 | D:2      | Noticed Natasha
   623 | D:2      | Slain by Natasha

Illustrated notes

Levels and vault maps discovered:
D:1:      nicolae_arrival_memento_mori, layout_basic
D:2:      layout_basic, basic_altar, uniq_natasha

Skill      XL: |  1  2 |
---------------+-------+-----
Axes           | 3 |  3.3
Fighting       | |  3.8
Armour         | |  2.3
Dodging        | |  1.9

Action                     || total
---------------------------++-------
  Melee: Hand axe          ||    36
 Invoke: Berserk           ||     1
    Use: Scroll            ||     4
         Potion            ||     2
 Armour: Animal skin       ||    10
  Dodge: Dodged            ||    34

Table legend: (Time is in decaauts)
 A = Elapsed time spent in this place.
 B = Non-inter-level travel time spent in this place.
 C = Inter-level travel time spent in this place.
 D = Time resting spent in this place.
 E = Time spent auto-exploring this place.
 F = Levels seen in this place.
 G = Mean time per level.
                   A        B        C        D        E       F      G
               +--------+--------+--------+--------+--------+-----+--------+
         Total |    637 |    627 |     10 |      0 |    504 |   2 |  318.5 |
       Dungeon |    637 |    627 |     10 |      0 |    504 |   2 |  318.5 |
               +--------+--------+--------+--------+--------+-----+--------+

Top non-repeatable levels by time:
     D:1: 549 daAuts
     D:2: 88 daAuts
